 Dungeon Crawl Stone Soup version 0.23.2 (webtiles) character file.

Game seed: 15323596908154041779

2548 Borgoz the Ducker (level 9, -3/73 HPs)
             Began as a Ghoul Enchanter on Apr 4, 2019.
             Was a Follower of Ashenzari.
             Slain by a hippogriff (4 damage)
             ... on level 7 of the Dungeon.
             The game lasted 00:17:16 (8194 turns).

Borgoz the Ducker (Ghoul Enchanter)                 Turns: 8194, Time: 00:17:17

Health: -3/73      AC:  7    Str: 12    XL:     9   Next: 56%
Magic:  5/10       EV: 13    Int: 10    God:    Ashenzari [*.....]
Gold:   301        SH:  0    Dex: 12    Spells: 3/11 levels left

rFire    . . .     SeeInvis +   a - +0 short sword (vamp)
rCold    + + .     Gourm    .   (no shield)
rNeg     + + +     Faith    .   q - +0 ring mail
rPois    ∞         Spirit   .   r - +2 hat
rElec    .         Reflect  .   p - scarf {repulsion}
rCorr    .         Harm     .   (no gloves)
MR       .....                  (no boots)
Stlth    ++........             (no amulet)
HPRegen  0.00/turn              c - ring of see invisible
MPRegen  0.12/turn              g - ring of protection from cold

@: very slightly contaminated, rotting, repel missiles
A: rotting body, claws 1, carnivore, cold resistance 1, negative energy
resistance 3, inhibited regeneration, torment resistance, unbreathing
a: Curse Item, Scrying, Renounce Religion


You were on level 7 of the Dungeon.
You worshipped Ashenzari.
Ashenzari was aware of your devotion.
You were very hungry.

You visited 2 branches of the dungeon, and saw 8 of its levels.
You also visited: Ossuary.

You collected 498 gold pieces.
You spent 197 gold pieces at shops.

Inventory:

Hand Weapons
 a - a +0 vampiric short sword (weapon)
 k - a +2 whip of electrocution
Missiles
 x - a throwing net (quivered)
Armour
 f - a +1 cloak
 p - a scarf of repulsion (worn)
 q - a +0 ring mail (worn)
 r - a +2 hat (worn)
Jewellery
 c - a ring of see invisible (left claw)
 g - a ring of protection from cold (right claw)
 l - an uncursed ring of protection from cold
Wands
 n - a wand of random effects (13)
 t - a wand of polymorph (7)
Scrolls
 b - a scroll of blinking {unknown}
 e - 5 scrolls of enchant armour
 j - 6 scrolls of teleportation {unknown}
 m - 2 scrolls of amnesia {unknown}
 o - 3 scrolls of magic mapping {unknown}
 s - 3 scrolls of immolation {unknown}
 w - 2 scrolls of fog
 y - 2 scrolls of fear {unknown}
 z - 3 scrolls of identify
 D - 5 scrolls of remove curse
Potions
 h - 2 potions of haste
 i - 2 potions of curing
 u - 2 potions of cancellation
 v - a potion of flight
 B - a potion of berserk rage
Comestibles
 d - 14 rations


   Skills:
 + Level 4.8 Fighting
 * Level 6.0 Short Blades
 + Level 4.0 Armour
 * Level 6.4 Dodging
 - Level 5.0 Stealth
 - Level 1.7 Spellcasting
 - Level 2.4 Hexes
 + Level 0.5 Translocations
 - Level 2.0 Ice Magic
 + Level 2.8 Evocations


You had 3 spell levels left.
You knew the following spells:

 Your Spells              Type           Power        Failure   Level  Hunger
a - Corona                Hex            #......      26%         1    ##.....
b - Ensorcelled Hibernat  Hex/Ice        #.....       38%         2    ###....
c - Confuse               Hex            #.......     58%         3    ####...
d - Blink                 Tloc           N/A          63%         2    ###....

Your spell library contained the following spells:

 Spells                   Type           Power        Failure   Level  Hunger
 Slow                     Hex            #.......     36%         2    ###....
 Magic Dart               Conj           #...         56%         1    ##.....
 Shock                    Conj/Air       #...         56%         1    ##.....
 Tukima's Dance           Hex            #.......     58%         3    ####...
 Call Imp                 Summ           #.......     71%         2    ###....
 Swiftness                Chrm/Air       #.......     71%         2    ###....
 Dazzling Spray           Conj/Hex       #.....       77%         3    ####...
 Conjure Flame            Conj/Fire      #.......     90%         3    ####...
 Mephitic Cloud           Conj/Pois/Air  #.......     90%         3    ####...
 Static Discharge         Conj/Air       #.......     90%         3    ####...
 Airstrike                Air            #.........   100%        4    #####..
 Lightning Bolt           Conj/Air       #.........   100%        5    ######.


Dungeon Overview and Level Annotations

Branches:
Dungeon (7/15)             Temple (1/1) D:5

Altars:
Ashenzari
Cheibriados
Dithmenos
Elyvilon
Fedhas
Gozag
Hepliaklqana
Makhleb
Okawaru
Qazlal
Ru
Sif Muna
Trog
Vehumet
Wu Jian
Xom
Yredelemnul
Zin
The Shining One

Shops:
D:4 *

Annotations:
D:3 1 runed translucent door, Paps's ghost, amateur OpFi


Innate Abilities, Weirdness & Mutations

Your body is rotting away.
You thrive on raw meat.
You are immune to poison.
You have sharp fingernails.
You are carnivorous and can eat meat at any time.
Your flesh is cold resistant. (rC+)
You are immune to negative energy. (rN+++)
You do not regenerate when monsters are visible.
You are immune to unholy pain and torment.
You can survive without breathing.


Message History

The hippogriff bites you!
* * * LOW HITPOINT WARNING * * *
The hippogriff pecks you but does no damage.
The hippogriff closely misses you.
Casting: Ensorcelled Hibernation (safe; 38% risk of failure)
Confirm with . or Enter, or press ? or * to list all spells.
Aiming: Ensorcelled Hibernation (safe; 38% risk of failure)
Press: ? - help, Shift-Dir - straight line, f/p - hippogriff
Aim: a hippogriff (moderately wounded, chance to defeat MR: 32%)
The hippogriff easily resists.
The hippogriff bites you.
* * * LOW HITPOINT WARNING * * *
The hippogriff pecks you.
* * * LOW HITPOINT WARNING * * *
The hippogriff claws you.
* * * LOW HITPOINT WARNING * * *
You feel better. The hippogriff bites you!
* * * LOW HITPOINT WARNING * * *
The hippogriff pecks you but does no damage.
The hippogriff claws you.
You die...

#...#.# #...#.#
#...#.# #...#.#
#...#.# #...#.# #
###...#.########.#
.>#.....<......H@..#
#.#.)..#############
#.#...............
#.#...############
#.#..........
#.#.#........
#.#.#########
#.#..........
#....########


You could see a hippogriff.

Vanquished Creatures
  Grinder (D:4)
  Duvessa (D:7)
  A water moccasin (D:4)
  A black bear (D:6)
  A sky beast (D:7)
  An ice beast (D:5)
  2 ogres
  A centaur (D:7)
  2 bullfrogs
  2 water moccasin zombies (Ossuary)
  A wyvern zombie (D:3)
  Dowan (D:7)
  A scorpion (D:5)
  4 killer bees (D:7)
  3 howler monkeys
  3 crimson imps
  4 hounds
  A quasit (D:7)
  A bullfrog skeleton (D:4)
  2 orc wizards
  Ijyb (D:4)
  An iguana (D:5)
  4 worker ants
  6 big kobold zombies (Ossuary)
  A hound skeleton (D:7)
  2 mummies (Ossuary)
  7 gnolls
  A howler monkey skeleton (D:2)
  7 adders
  2 oozes
  5 adder zombies (Ossuary)
  2 worms (D:2)
  6 dart slugs
  5 leopard geckos
  13 orcs
  6 giant cockroaches
  4 gnoll zombies (Ossuary)
  9 goblins
  9 hobgoblins
  12 jackals
  5 quokkas
  3 ball pythons
  6 bats
  6 frilled lizards
  8 hobgoblin zombies (Ossuary)
  8 kobolds
  5 kobold zombies (Ossuary)
  2 orc zombies (Ossuary)
  8 rats
188 creatures vanquished.

Notes
Turn   | Place    | Note
-------+----------+-------------------------------------------
     0 | D:1      | Borgoz the Ghoul Enchanter began the quest for the Orb.
     0 | D:1      | Reached XP level 1. HP: 14/14 MP: 2/2
    23 | D:1      | Reached skill level 1 in Short Blades
    42 | D:1      | Reached XP level 2. HP: 6/20 MP: 3/3
   291 | D:1      | Learned a level 2 spell: Ensorcelled Hibernation
   454 | D:1      | Reached XP level 3. HP: 26/27 MP: 4/4
   724 | D:2      | Reached skill level 1 in Fighting
   782 | D:2      | Reached XP level 4. HP: 30/35 MP: 5/5
   853 | D:2      | Found a faded altar of an unknown god.
  1146 | D:2      | Reached skill level 1 in Armour
  1574 | D:3      | Found a runed translucent door.
  1584 | D:2      | Reached skill level 1 in Ice Magic
  1820 | D:3      | Noticed Paps's ghost (amateur OpFi)
  2272 | D:3      | Found an ornate altar of the Wu Jian Council.
  2278 | D:3      | Reached XP level 5. HP: 36/39 MP: 6/6
  2413 | D:3      | Found a glowing silver altar of Zin.
  2492 | D:3      | Found a glowing golden altar of the Shining One.
  2617 | D:3      | Reached XP level 6. HP: 43/48 MP: 7/7
  3101 | D:4      | Noticed Grinder
  3102 | D:4      | Found Kusaej's Assorted Antiques.
  3103 | D:4      | Noticed Ijyb
  3130 | D:4      | Killed Ijyb
  3130 | D:4      | Paralysed by Grinder for 4 turns
  3164 | D:4      | Killed Grinder
  3164 | D:4      | Reached XP level 7. HP: 21/56 MP: 8/8
  3171 | D:4      | Bought a runed short sword for 150 gold pieces
  3171 | D:4      | Bought a sapphire potion for 22 gold pieces
  4178 | D:5      | Entered Level 5 of the Dungeon
  4314 | D:4      | Bought a scroll labeled KEFYRO HUTIKK for 25 gold pieces
  4398 | D:5      | Reached XP level 8. HP: 57/63 MP: 9/9
  4765 | D:5      | Reached skill level 1 in Evocations
  4790 | D:5      | Found a staircase to the Ecumenical Temple.
  4798 | Temple   | Entered the Ecumenical Temple
  4814 | Temple   | Became a worshipper of Ashenzari the Shackled
  5050 | D:5      | Reached skill level 5 in Dodging
  5151 | D:6      | Found a sand-covered staircase.
  5156 | Ossuary  | Entered an ossuary
  5668 | Ossuary  | Reached skill level 5 in Short Blades
  5796 | D:6      | Reached skill level 5 in Stealth
  5958 | D:7      | Noticed Duvessa
  5959 | D:7      | Noticed Dowan
  5974 | D:7      | Reached XP level 9. HP: 52/71 MP: 10/10
  5984 | D:7      | Killed Duvessa
  5999 | D:7      | Killed Dowan
  6528 | D:7      | Learned a level 3 spell: Confuse
  6531 | D:7      | Learned a level 2 spell: Blink
  7304 | D:6      | Found a glowing golden altar of the Shining One.
  7759 | D:6      | Reached * piety under Ashenzari
  7912 | D:7      | Found a bloodstained altar of Trog.
  8193 | D:7      | HP: 3/73 [hippogriff (2)]
  8194 | D:7      | HP: 1/73 [hippogriff (7)]
  8194 | D:7      | Slain by a hippogriff

Skill      XL: |  1  2  3  4  5  6  7  8  9 |
---------------+----------------------------+-----
Short Blades   | 1 2 3 4 5 6 |  6.0
Dodging        | 2 3 4 5 6 |  6.4
Fighting       | 1 2 3 4 |  4.8
Armour         | 1 2 3 4 |  4.0
Ice Magic      | 1 2 |  2.0
Stealth        | 4 5 |  5.0
Evocations     | 2 |  2.8
Spellcasting   | |  1.7
Hexes          | |  2.4
Translocations | |  0.5

Action                   |  1- 3 |  4- 6 |  7- 9 || total
-------------------------+-------+-------+-------++-------
Melee: Dagger            |    27 |       |       ||    27
       Short sword       |    47 |       |   166 ||   213
       Whip              |    34 |   204 |   469 ||   707
 Cast: Ensorcelled Hiber |       |       |    22 ||    22
       Corona            |       |       |     2 ||     2
       Blink             |       |       |     1 ||     1
  Use: Potion            |       |     4 |    12 ||    16
       Scroll            |       |     1 |     8 ||     9
 Stab: Sleeping          |     2 |     1 |    13 ||    16
       Invisible         |       |       |     1 ||     1
  Eat: Chunk             |     7 |     9 |    20 ||    36
Armor: Robe              |    23 |    33 |       ||    56
       Ring mail         |       |    24 |   263 ||   287
Dodge: Dodged            |    67 |   146 |   603 ||   816
       Deflected         |       |       |     9 ||     9
